 Dungeon Crawl Stone Soup version 0.20.1-1-g8b1a95d (webtiles) character file.

347 keltmir the Ruffian (level 6, -1/51 (53) HPs)
             Began as a Ghoul Monk on Oct 27, 2017.
             Slain by Tux's ghost (6 damage)
             ... on level 4 of the Dungeon.
             The game lasted 00:20:05 (3199 turns).

keltmir the Ruffian (Ghoul Monk)                    Turns: 3199, Time: 00:20:05

HP:   -1/51 (53)    AC:  4    Str: 23    XL:     6   Next: 59%
MP:   5/5           EV: 13    Int:  5    God:
Gold: 172           SH:  0    Dex: 11    Spells: 5/5 levels left

rFire    . . .     SeeInvis .     - Unarmed
rCold    + . .     Gourm    .   (no shield)
rNeg     + + +     Faith    .   a - +0 robe
rPois    ∞         Spirit   .   i - +1 helmet
rElec    .         Reflect  .   (no cloak)
rCorr    .         Harm     .   (no gloves)
MR       .....                  (no boots)
Stlth    ++........             (no amulet)
Regen    0.0/turn               g - +6 ring of strength
MPRegen  0.1/turn               (no ring)

@: rotting
A: rotting body, claws 1, carnivore 3, cold resistance 1, negative energy
resistance 3, inhibited regeneration, torment resistance, unbreathing
a: no special abilities


You were on level 4 of the Dungeon.
You were not hungry.

You visited 1 branch of the dungeon, and saw 4 of its levels.

You collected 172 gold pieces.

Inventory:

Missiles
 k - 3 poisoned tomahawks (quivered)
Armour
 a - a +0 robe (worn)
 i - a +1 helmet (worn)
 z - a +0 pair of gloves
Jewellery
 g - a +6 ring of strength (left claw)
 l - a +1 ring of slaying {unknown}
 n - an uncursed ring of resist corrosion {unknown}
 o - a cursed -3 ring of intelligence {unknown}
 t - an uncursed ring of protection from cold {unknown}
Wands
 m - a wand of flame (30/48)
 B - a wand of random effects (38/48)
 C - a wand of acid (8/15)
Scrolls
 c - a scroll of identify
 d - a scroll of magic mapping
 e - 2 scrolls of remove curse
 p - 3 scrolls of enchant weapon
 v - a scroll of amnesia
 w - 2 scrolls of teleportation
Potions
 f - 2 potions of curing {unknown}
 j - a potion of heal wounds {unknown}
 q - a potion of flight {unknown}
 r - a potion of brilliance {unknown}
 s - a potion of invisibility {unknown}
 u - a potion of magic {unknown}
 A - 2 potions of haste {unknown}
Comestibles
 b - a meat ration
 h - a royal jelly


   Skills:
 + Level 4.6 Fighting
 - Level 1.0 Throwing
 + Level 3.4 Dodging
 - Level 2.2 Stealth
 + Level 6.4 Unarmed Combat


You had 5 spell levels left.
You didn't know any spells.

Dungeon Overview and Level Annotations

Branches:
Dungeon (4/15)
 Temple: D:4-7

Altars:
Fedhas
Ru

Annotations:
D:4 Tux's ghost, novice TeWz


Innate Abilities, Weirdness & Mutations

Your body is rotting away.
You thrive on raw meat.
You are immune to poison.
You have sharp fingernails.
You are carnivorous and can eat meat at any time.
Your flesh is cold resistant. (rC+)
You are immune to negative energy. (rN+++)
You do not regenerate when monsters are visible.
You are immune to unholy pain and torment.
You can survive without breathing.


Message History

You scratch Tux's ghost. You claw Tux's ghost, but do no damage.
Tux's ghost is lightly damaged.
Tux's ghost barely misses you.
You scratch Tux's ghost.
Tux's ghost is lightly damaged.
You barely miss Tux's ghost.
Tux's ghost is lightly damaged.
Tux's ghost hits you!
You claw Tux's ghost!
Tux's ghost is moderately damaged.
Tux's ghost hits you. Tux's ghost burns you.
You claw Tux's ghost!
Tux's ghost is severely damaged.
Tux's ghost hits you but does no damage.
You barely miss Tux's ghost.
Tux's ghost is severely damaged.
Tux's ghost hits you!
* * * LOW HITPOINT WARNING * * *
Tux's ghost burns you.
You die...

#..(....# #
#######.#.#.#.# #
#........###..# #
#......#......# ######
#.............###.....
#.....................
#.............###.....
#.............# #####.
#...W@..##.##.# #.
#######.......# #.
####.#### #. .# #. ##
#. #### #... #...
......


You could see Tux's ghost.

Vanquished Creatures
  The ghost of Shutra the Slasher, an amateur BaFi (D:3)
  A phantom (D:3)
  A howler monkey (D:3)
  3 adders
  A worm (D:4)
  3 dart slugs
  2 leopard geckos
  3 orcs (D:3)
  2 ball pythons (D:2)
  4 giant cockroaches
  6 goblins
  6 hobgoblins
  3 jackals (D:1)
  A quokka (D:2)
  4 bats
  3 frilled lizards
  5 kobolds
  6 rats
55 creatures vanquished.

Vanquished Creatures (others)
  A fungus (D:3)
1 creature vanquished.

Grand Total: 56 creatures vanquished

Notes
Turn   | Place    | Note
-------+----------+-------------------------------------------
     0 | D:1      | keltmir the Ghoul Monk began the quest for the Orb.
     0 | D:1      | Reached XP level 1. HP: 19/19 MP: 0/0
   275 | D:1      | Reached XP level 2. HP: 8/26 MP: 1/1
  1180 | D:2      | Reached XP level 3. HP: 29/31 MP: 2/2
  1389 | D:2      | Reached skill level 4 in Unarmed Combat
  1590 | D:2      | Found a sacrificial altar of Ru.
  1881 | D:2      | Reached XP level 4. HP: 35/40 MP: 3/3
  2023 | D:3      | Noticed a phantom
  2372 | D:3      | Found a blossoming altar of Fedhas.
  2428 | D:3      | Reached skill level 5 in Unarmed Combat
  2428 | D:3      | Reached XP level 5. HP: 42/46 MP: 4/4
  2448 | D:3      | Noticed Shutra's ghost (amateur BaFi)
  2520 | D:3      | Killed Shutra's ghost
  2520 | D:3      | Reached XP level 6. HP: 36/53 MP: 5/5
  2649 | D:3      | Reached skill level 6 in Unarmed Combat
  2753 | D:3      | Killed a phantom
  2753 | D:3      | Reached skill level 1 in Throwing
  3180 | D:4      | Noticed Tux's ghost (novice TeWz)
  3199 | D:4      | Slain by Tux's ghost

Skill      XL: |  1  2  3  4  5  6 |
---------------+-------------------+-----
Dodging        | 3 |  3.4
Unarmed Combat | 4 5 6 |  6.4
Fighting       | 4 |  4.6
Throwing       | 1 |  1.0
Stealth        | |  2.2

Action                   |  1- 3 |  4- 6 || total
-------------------------+-------+-------++-------
Melee: Unarmed           |    92 |    90 ||   182
       Punch             |     2 |     2 ||     4
Throw: Tomahawk          |     1 |    10 ||    11
  Use: Scroll            |     6 |     4 ||    10
 Stab: Sleeping          |     5 |       ||     5
  Eat: Chunk             |     9 |     9 ||    18
Armor: Robe              |    21 |     8 ||    29
Dodge: Dodged            |    57 |    44 ||   101
